 Dungeon Crawl Stone Soup version 0.31-a0-1388-g4b2ba238e7 (webtiles) character file.

Game seed: 3828645711823028563

61 pokeman the Magician (level 3, -2/20 HPs)
             Began as a Deep Elf Hedge Wizard on Dec 24, 2023.
             Killed by miscasting Mephitic Cloud (10 damage)
             ... on level 2 of the Dungeon.
             The game lasted 00:03:56 (1583 turns).

pokeman the Magician (Deep Elf Hedge Wizard)        Turns: 1583, Time: 00:03:56

Health: -2/20      AC:  2    Str: 13    XL:     3   Next: 83%
Magic:  1/11       EV: 12    Int: 20    God:
Gold:   91         SH:  0    Dex: 14    Spells: 4/12 levels left

rFire   . . .        a - +0 dagger
rCold   . . .        (no shield)
rNeg    . . .        b - +0 robe
rPois   .            c - +0 hat
rElec   .            (no cloak)
rCorr   .            (no gloves)
SInv    .            (no boots)
Will    .....        (no amulet)
Stlth   ++           j - +6 ring of strength
HPRegen 0.23/turn    (no ring)
MPRegen 0.12/turn

%: no passive effects
@: lethally poisoned (-2 -> -4), on blink cooldown, very slightly contaminated
A: no striking features
a: no special abilities


You were on level 2 of the Dungeon.
You visited 1 branch of the dungeon, and saw 2 of its levels.

You collected 91 gold pieces.

Inventory:

Hand Weapons
 a - a +0 dagger (weapon)
Armour
 b - a +0 robe (worn)
 c - a +0 hat (worn)
Magical Staves
 e - a staff of fire
 l - a staff of death
Jewellery
 j - a +6 ring of strength (left hand)
Scrolls
 f - a scroll of revelation {unknown}
 g - a scroll of amnesia {unknown}
 i - 2 scrolls of identify {unknown}
Potions
 d - 2 potions of magic
 h - a potion of might {unknown}
 k - a potion of heal wounds {unknown}
 m - 2 potions of haste {unknown}
 n - a potion of lignification {unknown}


   Skills:
 + Level 0.9 Fighting
 - Level 1.0 Armour
 - Level 2.4 Dodging
 - Level 2.4 Stealth
 * Level 5.2 Spellcasting
 + Level 1.8 Conjurations
 - Level 1.1 Summonings
 - Level 1.1 Translocations
 + Level 1.2 Fire Magic


You had 4 spell levels left.
You knew the following spells:

 Your Spells              Type           Power      Damage    Failure   Level
a - Magic Dart            Conj           48%        1d5       5%          1
b - Mephitic Cloud        Conj/Alch/Air  7%         N/A       26%         3
c - Call Imp              Summ           18%        N/A       11%         2
d - Blink                 Tloc           18%        N/A       11%         2

Your spell library contained the following spells:

 Spells                   Type           Power      Damage    Failure   Level
 Slow                     Hex            20%        N/A       12%         1
 Cigotuvi's Dreadful Rot  Necr/Alch/Air  10%        N/A       17%         2


Dungeon Overview and Level Annotations

Branches:
Dungeon (2/15)

Altars:

Shops:
D:1 (


Message History

Aiming: Magic Dart (safe; 5% risk of failure)
Press: ? - help, Shift-Dir - straight line, f - frilled lizard
Aim: a frilled lizard (100% to hit)
The magic dart hits the frilled lizard.
The frilled lizard is heavily wounded.
The adder bites you. x2
You are poisoned.
The adder poisons you! The frilled lizard barely misses you.
Casting: Magic Dart (safe; 5% risk of failure)
Confirm with . or Enter, or press ? or * to list all spells.
Aiming: Magic Dart (safe; 5% risk of failure)
Press: ? - help, Shift-Dir - straight line, f - adder, p - frilled lizard
Aim: an adder (100% to hit)
The magic dart hits the adder.
The adder is moderately wounded.
You feel sick. The adder bites you. The frilled lizard bites you.
Casting: Magic Dart (safe; 5% risk of failure)
Confirm with . or Enter, or press ? or * to list all spells.
You don't know that spell.
Casting: Magic Dart (safe; 5% risk of failure)
Confirm with . or Enter, or press ? or * to list all spells.
You blink.
You feel sick.
Unknown command.
You feel sick.
Casting: Blink (safe; 11% risk of failure)
Confirm with . or Enter, or press ? or * to list all spells.
Aiming: Mephitic Cloud (extremely dangerous; 26% risk of failure)
Press: ? - help, Shift-Dir - straight line, f/p - adder
Aim: an adder (lightly wounded, chance to affect: 91%)
You miscast Mephitic Cloud.
You are very lightly contaminated with residual magic.
Nothing appears to happen.
You feel sick. The adder misses you.
Casting: Mephitic Cloud (extremely dangerous; 26% risk of failure)
Confirm with . or Enter, or press ? or * to list all spells.
Aiming: Mephitic Cloud (extremely dangerous; 26% risk of failure)
Press: ? - help, Shift-Dir - straight line, f/p - adder
Aim: an adder (lightly wounded, chance to affect: 91%)
You miscast Mephitic Cloud.
Strange energies run through your body!
Ouch! That really hurt!
You die...

.........##########
.........#
.........#
.........#
.........#
##########
..%......#
####........#
.........#
###...l.......)
.........#
#...#S#'l#.#.#.
.#########
#.#.@.#$.# .. .#
#######.#.###### #
## #.........+
#.#######.+ #.# #.#
#.# #.. #.# #.#.
#.# #. .. #.# ..


You could see an adder and a frilled lizard.

Vanquished Creatures
  An adder (D:2)
  A gnoll (D:1)
  A worm (D:2)
  6 ball pythons
  3 endoplasms (D:2)
  3 giant cockroaches (D:1)
  4 goblins (D:1)
  A hobgoblin (D:1)
  4 kobolds
  A quokka (D:1)
  5 bats
  4 frilled lizards (D:1)
  3 rats
37 creatures vanquished.

Notes
Turn   | Place    | Note
-------+----------+-------------------------------------------
     0 | D:1      | pokeman the Deep Elf Hedge Wizard began the quest for the
                  | Orb.
     0 | D:1      | Reached XP level 1. HP: 10/10 MP: 7/7
   228 | D:1      | Reached XP level 2. HP: 15/15 MP: 5/9
   797 | D:1      | Found Foemihastro's Antique Weapon Emporium.
   842 | D:1      | Reached skill level 5 in Spellcasting
   842 | D:1      | Reached skill level 1 in Fire Magic
   842 | D:1      | Reached XP level 3. HP: 20/20 MP: 0/11
   846 | D:1      | Learned a level 3 spell: Mephitic Cloud
   849 | D:1      | Learned a level 2 spell: Call Imp
   852 | D:1      | Learned a level 2 spell: Blink
  1267 | D:2      | Reached skill level 1 in Armour
  1583 | D:2      | Killed by miscasting Mephitic Cloud

Illustrated notes

Levels and vault maps discovered:
D:1:      minmay_arrival_up_and_down, layout_basic, serial_shops,
          nicolae_shop_pleasant_corner_grove, minmay_bisected
D:2:      layout_basic, minmay_mini_jars

Skill      XL: |  1  2  3 |
---------------+----------+-----
Spellcasting   | 5 |  5.2
Fire Magic     | 1 |  1.2
Armour         | 1 |  1.0
Fighting       | |  0.9
Dodging        | |  2.4
Stealth        | |  2.4
Conjurations   | |  1.8
Summonings     | |  1.1
Translocations | |  1.1

Action                     || total
---------------------------++-------
  Melee: Dagger            ||    13
   Cast: Magic Dart        ||    84
         Mephitic Cloud    ||     1
         Blink             ||     1
   Stab: Confused          ||     4
         Sleeping          ||     1
 Armour: Robe              ||     8
  Dodge: Dodged            ||    16

Table legend: (Time is in decaauts)
 A = Elapsed time spent in this place.
 B = Non-inter-level travel time spent in this place.
 C = Inter-level travel time spent in this place.
 D = Time resting spent in this place.
 E = Time spent auto-exploring this place.
 F = Levels seen in this place.
 G = Mean time per level.
                   A        B        C        D        E       F      G
               +--------+--------+--------+--------+--------+-----+--------+
         Total |   1582 |   1516 |     66 |      0 |   1330 |   2 |  791.0 |
       Dungeon |   1582 |   1516 |     66 |      0 |   1330 |   2 |  791.0 |
               +--------+--------+--------+--------+--------+-----+--------+

Top non-repeatable levels by time:
     D:1: 1113 daAuts
     D:2: 468 daAuts
